 Dungeon Crawl Stone Soup version 0.30-a0-867-g305f33218d (webtiles) character file.

Game seed: 3187702833781311517

91 Hubris850 the Trooper (level 4, -2/26 (48) HPs)
             Began as an Ogre Reaver on Mar 10, 2023.
             Slain by Ijyb
             ... wielding a +0 dagger
              (4 damage)
             ... on level 3 of the Dungeon.
             The game lasted 00:03:23 (1276 turns).

Hubris850 the Trooper (Ogre Reaver)                 Turns: 1276, Time: 00:03:23

HP:   -2/26 (48)    AC:  3    Str: 16    XL:     4   Next: 57%
MP:   4/7           EV: 10    Int: 16    God:
Gold: 94            SH:  0    Dex:  7    Spells: 6/7 levels left

rFire   . . .      SeeInvis .    e - +2 hand axe (elec)
rCold   . . .      Faith    .    (no shield)
rNeg    . . .      Spirit   .    b - +0 robe
rPois   .          Reflect  .    (helmet restricted)
rElec   .          Rampage  .    (no cloak)
rCorr   .                        (gloves unavailable)
Will    .....                    (boots unavailable)
Stlth   +                        (no amulet)
HPRegen 0.24/turn                (no ring)
MPRegen 0.10/turn                (no ring)

@: very heavily drained
A: large, unfitting armour, tough skin 1
a: no special abilities


You were on level 3 of the Dungeon.
You visited 1 branch of the dungeon, and saw 3 of its levels.

You collected 94 gold pieces.

Inventory:

Hand Weapons
 a - a +0 mace
 e - a +2 hand axe of electrocution (weapon)
 m - the +3 dagger "Giwojoo" {pain, rElec rC+ MP-9 Dex+4}
   (You found it on level 2 of the Dungeon)

   Dex:       It affects your dexterity (+4).
   rC:        It protects you from cold.
   rElec:     It insulates you from electricity.
   MP:        It affects your magic capacity (-9).
Missiles
 g - 4 boomerangs
Armour
 b - a +0 robe (worn)
Magical Staves
 c - a staff of poison
Scrolls
 d - 2 scrolls of identify {unknown}
 f - a scroll of magic mapping {unknown}
 h - 3 scrolls of noise {unknown}
 j - a scroll of fog {unknown}
 l - a scroll of acquirement {unknown}
 n - a scroll of blinking {unknown}
Potions
 i - a potion of brilliance {unknown}
 k - a potion of mutation {unknown}
 o - a potion of degeneration {unknown}


   Skills:
 - Level 4.0 Fighting
 + Level 3.5 Maces & Flails
 + Level 2.8 Dodging
 - Level 2.4 Spellcasting
 - Level 2.6 Conjurations


You had 6 spell levels left.
You knew the following spells:

 Your Spells              Type           Power      Damage    Failure   Level
a - Kiss of Death         Conj/Necr      24%        2d7       12%         1

Your spell library contained the following spells:

 Spells                   Type           Power      Damage    Failure   Level
 Momentum Strike          Conj/Tloc      12%        3d8       17%         2
 Hailstorm                Conj/Ice       6%         3d4       34%         3


Dungeon Overview and Level Annotations

Branches:
Dungeon (3/15)

Altars:
Kikubaaqudgha

Annotations:
D:3 Ijyb


Innate Abilities, Weirdness & Mutations

You are too large for most types of armour.
You have tough skin. (AC +1)


Message History

Press: ? - help, Shift-Dir - straight line, f - Ijyb
Aim: Ijyb, wielding a +0 dagger, wearing a +0 leather armour and carrying a wand of light (8) (100% to hit)
The negative energy hits Ijyb.
Ijyb is drained!
Ijyb is moderately wounded.
You feel drained. Ijyb hits you but does no damage.
Casting: Kiss of Death (safe; 12% risk of failure)
Confirm with . or Enter, or press ? or * to list all spells.
Aiming: Kiss of Death (safe; 12% risk of failure)
Press: ? - help, Shift-Dir - straight line, f/p - Ijyb
Aim: Ijyb, wielding a +0 dagger, wearing a +0 leather armour and carrying a wand of light (8) (moderately wounded, heavily drained, 100% to hit)
The negative energy hits Ijyb.
Ijyb is drained!
Ijyb is heavily wounded.
You feel drained. Ijyb closely misses you.
Casting: Kiss of Death (safe; 12% risk of failure)
Confirm with . or Enter, or press ? or * to list all spells.
Aiming: Kiss of Death (safe; 12% risk of failure)
Press: ? - help, Shift-Dir - straight line, f/p - Ijyb
Aim: Ijyb, wielding a +0 dagger, wearing a +0 leather armour and carrying a wand of light (8) (heavily wounded, heavily drained, 100% to hit)
The negative energy hits Ijyb but does no damage.
Ijyb is drained!
Ijyb is severely wounded.
You feel drained. Ijyb hits you but does no damage.
You hit Ijyb.
Ijyb is almost dead.
Ijyb zaps a wand.
The bolt of light misses you.
You barely miss Ijyb.
Ijyb is almost dead.
Ijyb zaps a wand.
The bolt of light hits you!
You are confused.
Ouch! That really hurt!
* * * LOW HITPOINT WARNING * * *
Ijyb closely misses you. Ijyb attacks as you move away!
Ijyb hits you but does no damage.
You barely miss Ijyb.
Ijyb is almost dead.
Ijyb screams, "No!
No, no, no, no!"
Ijyb zaps a wand.
The bolt of light misses you.
You feel less confused. Ijyb hits you with a +0 dagger.
You die...

#. #....# #
#.##....##
#.#........#
###.#........##
...[.........###
#.#............
#...........#
#....@.....####
#....†g<.......
#.....########.
#.....# #####..
###


You could see Ijyb (very drained).

Vanquished Creatures
  3 gnolls (D:2)
  2 worms (D:2)
  4 ball pythons
  4 bats
  5 endoplasms
  3 giant cockroaches
  5 goblins
  7 hobgoblins
  4 kobolds
  6 quokkas
  5 frilled lizards
  4 rats
52 creatures vanquished.

Vanquished Creatures (others)
  A goblin (D:2)
1 creature vanquished.

Grand Total: 53 creatures vanquished

Notes
Turn   | Place    | Note
-------+----------+-------------------------------------------
     0 | D:1      | Hubris850 the Ogre Reaver began the quest for the Orb.
     0 | D:1      | Reached XP level 1. HP: 22/22 MP: 3/3
   177 | D:1      | Reached skill level 3 in Fighting
   196 | D:1      | Reached XP level 2. HP: 31/31 MP: 5/5
   492 | D:1      | Reached XP level 3. HP: 36/37 MP: 6/6
   906 | D:2      | Reached XP level 4. HP: 46/48 MP: 7/7
   915 | D:2      | Reached skill level 4 in Fighting
  1174 | D:2      | Found an ancient bone altar of Kikubaaqudgha.
  1191 | D:2      | Identified the +3 dagger "Giwojoo" {pain, rElec rC+ MP-9
                  | Dex+4}
  1264 | D:3      | Noticed Ijyb
  1276 | D:3      | Slain by Ijyb

Illustrated notes

Levels and vault maps discovered:
D:1:      dpeg_arrival_simpleton_a, layout_basic
D:2:      layout_rooms, basic_altar, amcnicky_mini_corridor_feature
D:3:      layout_loops_ring, mainiacjoe_overflow_chevrons, uniq_ijyb,
          uniq_jessica, uniq_terence

Skill      XL: |  1  2  3  4 |
---------------+-------------+-----
Fighting       | 3 4 |  4.0
Dodging        | 2 |  2.8
Maces & Flails | 3 |  3.5
Spellcasting   | |  2.4
Conjurations   | |  2.6

Action                     |  1- 3 |  4- 6 || total
---------------------------+-------+-------++-------
  Melee: Mace              |    42 |       ||    42
         Hand axe          |    57 |    19 ||    76
   Cast: Kiss of Death     |       |     3 ||     3
 Armour: Robe              |    36 |     5 ||    41
  Dodge: Dodged            |    55 |     7 ||    62

Table legend: (Time is in decaauts)
 A = Elapsed time spent in this place.
 B = Non-inter-level travel time spent in this place.
 C = Inter-level travel time spent in this place.
 D = Time resting spent in this place.
 E = Time spent auto-exploring this place.
 F = Levels seen in this place.
 G = Mean time per level.
                   A        B        C        D        E       F      G
               +--------+--------+--------+--------+--------+-----+--------+
         Total |   1299 |   1275 |     24 |    160 |    819 |   3 |  433.0 |
       Dungeon |   1299 |   1275 |     24 |    160 |    819 |   3 |  433.0 |
               +--------+--------+--------+--------+--------+-----+--------+

Top non-repeatable levels by time:
     D:1: 723 daAuts
     D:2: 562 daAuts
     D:3: 14 daAuts
